[ AOE2 MATCH · #495615853 ]
UnrankedCumans vs Burgundians
Player's team · WIN
[ REPLAY ANALYSIS · EXTRACTED FROM THE RECORDED GAME ]
Feudal
8:55
Castle
33:44
Imperial
53:46
| APM avg | 95.1 |
| APM peak | 157 |
| eAPM avg | 43.8 |
| Villagers / military | 277 / 341 |
Focus
⚔️ 48.0% · 🌾 52.0%
Knight ×133 · Skirmisher ×76 · Cavalry Archer ×68 · Scout Cavalry ×51 · Monk ×5 · Trebuchet (Packed) ×5
Feudal
9:16
Castle
26:15
Imperial
53:15
| APM avg | 46.7 |
| APM peak | 115 |
| eAPM avg | 26.8 |
| Villagers / military | 198 / 234 |
Focus
⚔️ 34.2% · 🌾 65.8%
Spearman ×119 · Skirmisher ×48 · Coustillier ×40 · Archer ×5 · Battering Ram ×5 · Scout Cavalry ×5
Match map
Initial resources + every placement click. Lines = walls · curves = elevation contours. ◆ gold · ⬟ stone · ● berries · ✦ relic · ◌ wall gap
Your base· Open — unwalled flank
DLucky3544's base· Open — unwalled flank
Smoothed initial terrain · ◌ = detected wall gap · hover for details
Inputs per minute
— SVTT | Альпинист - - DLucky3544
Build order — SVTT | Альпинист
First 150 of 893 actions detected
| 0:00 | Queue | Villager (Male) |
| 0:01 | Queue | Villager (Male) |
| 0:01 | Queue | Villager (Male) |
| 0:02 | Build | House |
| 0:03 | Build | House |
| 0:08 | Queue | Villager (Male) |
| 0:08 | Queue | Villager (Male) |
| 1:33 | Queue | Villager (Male) |
| 1:33 | Queue | Villager (Male) |
| 1:57 | Queue | Villager (Male) |
| 2:03 | Build | Lumber Camp |
| 2:12 | Queue | Villager (Male) |
| 2:12 | Queue | Villager (Male) |
| 2:28 | Queue | Villager (Male) |
| 2:28 | Queue | Villager (Male) |
| 2:28 | Queue | Villager (Male) |
| 2:53 | Queue | Villager (Male) |
| 2:53 | Queue | Villager (Male) |
| 3:19 | Queue | Villager (Male) |
| 3:50 | Build | House |
| 3:51 | Build | Mill |
| 3:54 | Queue | Villager (Male) |
| 3:54 | Queue | Villager (Male) |
| 4:09 | Build | Mill |
| 4:18 | Queue | Villager (Male) |
| 4:19 | Queue | Villager (Male) |
| 4:19 | Queue | Villager (Male) |
| 5:15 | Queue | Villager (Male) |
| 5:29 | Queue | Villager (Male) |
| 5:30 | Research | Loom |
| 6:45 | Research | Feudal Age |
| 6:45 | Research | Feudal Age |
| 7:10 | Queue | Villager (Male) |
| 7:17 | Build | House |
| 7:57 | Build | Barracks |
| 8:55 | Age | Feudal Age |
| 8:57 | Build | Archery Range |
| 9:07 | Queue | Villager (Male) |
| 9:18 | Queue | Spearman |
| 9:24 | Queue | Villager (Male) |
| 9:26 | Research | Double-Bit Axe |
| 9:26 | Research | Double-Bit Axe |
| 9:44 | Queue | Skirmisher |
| 9:44 | Queue | Skirmisher |
| 9:52 | Build | Watch Tower |
| 9:54 | Queue | Skirmisher |
| 9:54 | Queue | Skirmisher |
| 9:54 | Queue | Skirmisher |
| 9:59 | Build | Watch Tower |
| 10:02 | Queue | Villager (Male) |
| 10:09 | Build | Mill |
| 10:30 | Build | Watch Tower |
| 10:33 | Queue | Skirmisher |
| 10:34 | Queue | Villager (Male) |
| 10:34 | Queue | Villager (Male) |
| 10:37 | Build | House |
| 10:38 | Build | House |
| 10:47 | Queue | Skirmisher |
| 10:47 | Queue | Skirmisher |
| 10:47 | Queue | Skirmisher |
| 10:49 | Build | House |
| 10:50 | Build | Palisade Wall |
| 10:51 | Build | Palisade Wall |
| 10:51 | Build | Palisade Wall |
| 10:52 | Build | Palisade Wall |
| 10:52 | Build | Palisade Wall |
| 10:53 | Build | Palisade Wall |
| 10:54 | Build | Palisade Wall |
| 10:58 | Queue | Skirmisher |
| 10:58 | Queue | Skirmisher |
| 11:02 | Queue | Villager (Male) |
| 11:02 | Queue | Villager (Male) |
| 11:04 | Build | Farm |
| 11:36 | Build | Palisade Wall |
| 11:37 | Build | Palisade Wall |
| 11:37 | Queue | Villager (Male) |
| 11:38 | Queue | Villager (Male) |
| 11:50 | Queue | Skirmisher |
| 11:51 | Queue | Skirmisher |
| 11:51 | Queue | Skirmisher |
| 11:51 | Queue | Skirmisher |
| 11:52 | Queue | Skirmisher |
| 11:52 | Queue | Skirmisher |
| 11:58 | Queue | Villager (Male) |
| 12:05 | Build | Archery Range |
| 12:07 | Queue | Villager (Male) |
| 12:07 | Queue | Villager (Male) |
| 12:11 | Build | Mining Camp |
| 12:33 | Queue | Skirmisher |
| 12:33 | Queue | Skirmisher |
| 12:45 | Build | Blacksmith |
| 12:51 | Queue | Villager (Male) |
| 12:51 | Queue | Villager (Male) |
| 12:51 | Queue | Villager (Male) |
| 12:57 | Queue | Spearman |
| 13:09 | Queue | Villager (Male) |
| 13:09 | Queue | Villager (Male) |
| 13:09 | Queue | Villager (Male) |
| 13:22 | Queue | Skirmisher |
| 13:22 | Queue | Skirmisher |
| 13:28 | Research | Fletching |
| 13:37 | Build | House |
| 13:41 | Queue | Villager (Male) |
| 13:41 | Queue | Villager (Male) |
| 13:58 | Queue | Skirmisher |
| 13:59 | Queue | Skirmisher |
| 14:12 | Queue | Villager (Male) |
| 14:12 | Queue | Villager (Male) |
| 14:13 | Queue | Skirmisher |
| 14:22 | Build | Watch Tower |
| 14:27 | Queue | Villager (Male) |
| 14:27 | Queue | Villager (Male) |
| 14:28 | Queue | Villager (Male) |
| 14:38 | Build | Lumber Camp |
| 14:52 | Build | House |
| 14:55 | Build | House |
| 15:00 | Queue | Skirmisher |
| 15:01 | Queue | Skirmisher |
| 15:07 | Queue | Villager (Male) |
| 15:07 | Queue | Villager (Male) |
| 15:26 | Queue | Villager (Male) |
| 15:26 | Queue | Villager (Male) |
| 15:28 | Build | House |
| 15:37 | Queue | Skirmisher |
| 15:37 | Queue | Skirmisher |
| 15:38 | Queue | Skirmisher |
| 16:08 | Queue | Villager (Male) |
| 16:09 | Queue | Villager (Male) |
| 16:09 | Queue | Villager (Male) |
| 16:12 | Build | Watch Tower |
| 16:35 | Queue | Villager (Male) |
| 16:35 | Queue | Villager (Male) |
| 16:36 | Queue | Skirmisher |
| 16:36 | Queue | Skirmisher |
| 16:39 | Build | Farm |
| 16:40 | Build | Farm |
| 16:40 | Build | Farm |
| 16:40 | Build | Farm |
| 16:47 | Build | Farm |
| 16:50 | Queue | Skirmisher |
| 16:51 | Queue | Skirmisher |
| 16:54 | Queue | Skirmisher |
| 16:58 | Build | Watch Tower |
| 17:21 | Queue | Villager (Male) |
| 17:21 | Queue | Villager (Male) |
| 17:22 | Build | Farm |
| 17:29 | Queue | Skirmisher |
| 17:29 | Queue | Skirmisher |
| 17:29 | Queue | Skirmisher |
| 17:30 | Queue | Skirmisher |
Build order — DLucky3544
First 150 of 622 actions detected
| 0:01 | Queue | Villager (Male) |
| 0:02 | Build | House |
| 0:03 | Build | House |
| 0:21 | Queue | Villager (Male) |
| 0:21 | Queue | Villager (Male) |
| 0:21 | Queue | Villager (Male) |
| 1:23 | Queue | Villager (Male) |
| 1:57 | Queue | Villager (Male) |
| 1:58 | Queue | Villager (Male) |
| 2:10 | Build | Lumber Camp |
| 2:27 | Queue | Villager (Male) |
| 2:28 | Queue | Villager (Male) |
| 2:46 | Queue | Villager (Male) |
| 2:56 | Research | Double-Bit Axe |
| 3:14 | Queue | Villager (Male) |
| 3:36 | Queue | Villager (Male) |
| 3:49 | Build | House |
| 4:10 | Queue | Villager (Male) |
| 4:10 | Queue | Villager (Male) |
| 4:26 | Queue | Villager (Male) |
| 4:31 | Build | House |
| 4:52 | Queue | Villager (Male) |
| 5:08 | Build | Mill |
| 5:20 | Queue | Villager (Male) |
| 5:33 | Queue | Villager (Male) |
| 5:34 | Research | Loom |
| 5:52 | Queue | Villager (Male) |
| 6:25 | Research | Loom |
| 7:05 | Research | Feudal Age |
| 7:16 | Build | Lumber Camp |
| 8:05 | Build | Mining Camp |
| 8:41 | Build | Barracks |
| 8:49 | Queue | Villager (Male) |
| 9:16 | Age | Feudal Age |
| 9:29 | Queue | Villager (Male) |
| 9:31 | Build | Mill |
| 9:34 | Build | House |
| 9:37 | Build | House |
| 9:40 | Build | House |
| 9:47 | Build | Farm |
| 9:47 | Queue | Villager (Male) |
| 9:54 | Build | Barracks |
| 10:02 | Build | Watch Tower |
| 10:09 | Queue | Villager (Male) |
| 10:49 | Build | Mining Camp |
| 10:54 | Queue | Villager (Male) |
| 10:55 | Queue | Flemish Militia |
| 10:56 | Queue | Flemish Militia |
| 10:56 | Queue | Flemish Militia |
| 10:56 | Queue | Flemish Militia |
| 11:06 | Build | Palisade Wall |
| 11:08 | Build | Palisade Wall |
| 11:10 | Build | Palisade Wall |
| 11:12 | Build | Palisade Wall |
| 11:14 | Build | Palisade Wall |
| 11:24 | Queue | Villager (Male) |
| 11:26 | Build | Farm |
| 11:29 | Build | Farm |
| 11:36 | Queue | Villager (Male) |
| 11:54 | Queue | Villager (Male) |
| 11:56 | Build | Farm |
| 11:59 | Build | Farm |
| 12:11 | Queue | Villager (Male) |
| 12:13 | Build | Farm |
| 12:46 | Queue | Villager (Male) |
| 12:58 | Queue | Villager (Male) |
| 12:59 | Build | Farm |
| 13:30 | Build | Archery Range |
| 14:00 | Queue | Villager (Male) |
| 14:02 | Build | Farm |
| 14:18 | Build | Blacksmith |
| 14:19 | Queue | Villager (Male) |
| 14:23 | Build | Watch Tower |
| 14:39 | Queue | Villager (Male) |
| 14:43 | Build | Farm |
| 14:45 | Build | House |
| 14:54 | Queue | Skirmisher |
| 14:55 | Research | Padded Archer Armor |
| 15:13 | Queue | Villager (Male) |
| 15:15 | Queue | Skirmisher |
| 15:16 | Queue | Skirmisher |
| 15:28 | Queue | Villager (Male) |
| 15:30 | Build | Farm |
| 15:42 | Build | Farm |
| 16:01 | Queue | Skirmisher |
| 16:02 | Queue | Villager (Male) |
| 16:21 | Build | Farm |
| 16:32 | Queue | Skirmisher |
| 16:38 | Build | Watch Tower |
| 16:46 | Build | Farm |
| 16:52 | Queue | Villager (Male) |
| 16:58 | Build | Farm |
| 17:28 | Queue | Villager (Male) |
| 17:31 | Build | Lumber Camp |
| 17:35 | Queue | Villager (Male) |
| 17:47 | Queue | Villager (Male) |
| 17:51 | Queue | Skirmisher |
| 18:12 | Queue | Skirmisher |
| 18:13 | Queue | Villager (Male) |
| 18:19 | Build | Watch Tower |
| 18:34 | Queue | Skirmisher |
| 18:48 | Queue | Villager (Male) |
| 19:06 | Queue | Villager (Male) |
| 19:18 | Queue | Skirmisher |
| 19:22 | Build | Farm |
| 19:26 | Build | Mining Camp |
| 19:28 | Queue | Villager (Male) |
| 19:33 | Build | Palisade Wall |
| 19:43 | Build | Farm |
| 19:43 | Build | Farm |
| 19:50 | Build | Farm |
| 19:51 | Queue | Villager (Male) |
| 20:06 | Build | Stable |
| 20:24 | Queue | Villager (Male) |
| 20:40 | Queue | Villager (Male) |
| 20:43 | Queue | Scout Cavalry |
| 20:44 | Build | House |
| 20:45 | Build | House |
| 21:01 | Queue | Scout Cavalry |
| 21:02 | Queue | Villager (Male) |
| 21:13 | Research | Town Watch |
| 21:14 | Research | Wheelbarrow |
| 21:16 | Queue | Skirmisher |
| 21:16 | Queue | Skirmisher |
| 21:39 | Build | Farm |
| 21:53 | Queue | Villager (Male) |
| 22:13 | Queue | Villager (Male) |
| 22:51 | Build | Market |
| 22:54 | Queue | Villager (Male) |
| 23:01 | Build | House |
| 23:02 | Build | House |
| 23:07 | Build | House |
| 23:08 | Build | Palisade Wall |
| 23:10 | Research | Bow Saw |
| 23:18 | Queue | Skirmisher |
| 23:35 | Research | Castle Age |
| 23:38 | Queue | Skirmisher |
| 23:44 | Queue | Spearman |
| 23:44 | Queue | Spearman |
| 23:46 | Build | House |
| 23:49 | Build | Palisade Wall |
| 23:49 | Build | Palisade Wall |
| 23:50 | Build | Palisade Wall |
| 23:53 | Build | Palisade Wall |
| 23:55 | Build | House |
| 23:57 | Build | House |
| 24:12 | Queue | Spearman |
| 24:12 | Queue | Spearman |
| 24:15 | Queue | Scout Cavalry |
| 24:40 | Queue | Flemish Militia |
Match timeline
| 7:57 | SVTT | Альпинист · first_building Barracks |
| 8:41 | DLucky3544 · first_building Barracks |
| 8:55 | SVTT | Альпинист · age_up feudal |
| 8:57 | SVTT | Альпинист · first_building Archery Range |
| 9:16 | DLucky3544 · age_up feudal |
| 10:50 | SVTT | Альпинист · wall_segment Palisade Wall x1 |
| 10:51 | SVTT | Альпинист · wall_segment Palisade Wall x1 |
| 10:51 | SVTT | Альпинист · wall_segment Palisade Wall x1 |
| 10:52 | SVTT | Альпинист · wall_segment Palisade Wall x1 |
| 10:52 | SVTT | Альпинист · wall_segment Palisade Wall x1 |
| 10:53 | SVTT | Альпинист · wall_segment Palisade Wall x1 |
| 10:54 | SVTT | Альпинист · wall_segment Palisade Wall x1 |
| 11:06 | DLucky3544 · wall_segment Palisade Wall x1 |
| 11:08 | DLucky3544 · wall_segment Palisade Wall x1 |
| 11:10 | DLucky3544 · wall_segment Palisade Wall x1 |
| 11:12 | DLucky3544 · wall_segment Palisade Wall x1 |
| 11:14 | DLucky3544 · wall_segment Palisade Wall x1 |
| 11:36 | SVTT | Альпинист · wall_segment Palisade Wall x1 |
| 11:37 | SVTT | Альпинист · wall_segment Palisade Wall x1 |
| 13:30 | DLucky3544 · first_building Archery Range |
| 18:07 | SVTT | Альпинист · wall_segment Palisade Wall x1 |
| 18:07 | SVTT | Альпинист · wall_segment Palisade Wall x2 |
| 18:07 | SVTT | Альпинист · wall_segment Palisade Wall x1 |
| 18:07 | SVTT | Альпинист · wall_segment Palisade Wall x1 |
| 18:07 | SVTT | Альпинист · wall_segment Palisade Wall x2 |
| 18:08 | SVTT | Альпинист · wall_segment Palisade Wall x2 |
| 18:08 | SVTT | Альпинист · wall_segment Palisade Wall x1 |
| 18:08 | SVTT | Альпинист · wall_segment Palisade Wall x1 |
| 18:15 | SVTT | Альпинист · first_building Stable |
| 19:33 | DLucky3544 · wall_segment Palisade Wall x1 |
| 20:06 | DLucky3544 · first_building Stable |
| 23:08 | DLucky3544 · wall_segment Palisade Wall x4 |
| 23:49 | DLucky3544 · wall_segment Palisade Wall x1 |
| 23:49 | DLucky3544 · wall_segment Palisade Wall x1 |
| 23:50 | DLucky3544 · wall_segment Palisade Wall x1 |
| 23:53 | DLucky3544 · wall_segment Palisade Wall x1 |
| 26:15 | DLucky3544 · age_up castle |
| 26:27 | DLucky3544 · first_building Castle |
| 26:58 | DLucky3544 · first_market_sell 100 food |
| 33:30 | DLucky3544 · first_market_buy 100 stone |
| 33:44 | SVTT | Альпинист · age_up castle |
| 33:58 | SVTT | Альпинист · wall_segment Palisade Wall x1 |
| 35:15 | SVTT | Альпинист · first_market_buy 100 wood |
| 35:41 | SVTT | Альпинист · first_market_sell 100 food |
| 35:41 | DLucky3544 · first_building Siege Workshop |
| 36:01 | SVTT | Альпинист · first_building Castle |
| 37:14 | DLucky3544 · first_building Monastery |
| 45:45 | SVTT | Альпинист · first_building Monastery |
| 53:15 | DLucky3544 · age_up imperial |
| 53:46 | SVTT | Альпинист · age_up imperial |
| 58:13 | DLucky3544 · wall_segment Palisade Wall x1 |
| 58:15 | DLucky3544 · wall_segment Palisade Wall x1 |
| 58:17 | DLucky3544 · wall_segment Palisade Wall x1 |
| 58:19 | DLucky3544 · wall_segment Palisade Wall x1 |
| 62:45 | DLucky3544 · resign |
[ AI ANALYSIS · 1 CREDIT ]
What really happened in this match?
Wolo.gg analyzes every decision: build order, eco, micro, common mistakes by bracket. Personalized analysis on WhatsApp or Discord in 30 seconds.
Civ guide
Cumans
Perfil
SVTT | Альпинист